 Dungeon Crawl Stone Soup version 0.31.0-11-ge490571c62 (webtiles) character file.

Game seed: 3350372193715582828

954 FilipinaGunslinger the Shooter (level 8, 0/7 HPs)
             Began as a Human Hunter on Jan 30, 2024.
             Was a Follower of Uskayaw.
             Succumbed to Ijyb's poison
             ... on level 5 of the Dungeon.
             The game lasted 00:20:56 (4603 turns).

FilipinaGunslinger the Shooter (Human Hunter)       Turns: 4603, Time: 00:20:56

Health: 0/7        AC:  3    Str: 16    XL:     8   Next: 14%
Magic:  8/10       EV: 13    Int: 16    God:    Uskayaw [*.....]
Gold:   12         SH:  5    Dex: 16    Spells: 3/10 levels left

rFire   . . .        g - melded +0 orcbow
rCold   . . .        (shield currently unavailable)
rNeg    . . .        c - +1 leather armour
rPois   .            (no helmet)
rElec   .            (no cloak)
rCorr   .            (gloves currently unavailable)
SInv    .            i - +1 pair of boots
Will    .....        l - amulet of reflection
Stlth   ++           k - +6 ring of strength
HPRegen 0.21/turn    (no ring)
MPRegen 0.12/turn

%: reflection
@: lethally poisoned (0 -> -5), blade hands
A: reduced hp, explore regen, clever 1
a: Begin Untransformation, Renounce Religion, Stomp


You were on level 5 of the Dungeon.
You worshipped Uskayaw.
Uskayaw was noncommittal.
You had blades for hands.
You visited 1 branch of the dungeon, and saw 5 of its levels.

You collected 267 gold pieces.
You spent 255 gold pieces at shops.

Inventory:

Hand Weapons
 a - a +0 quarterstaff
 g - a +0 orcbow (melded)
Missiles
 d - 4 boomerangs
Armour
 c - a +1 leather armour (worn)
 i - a +1 pair of boots (worn)
Jewellery
 k - a +6 ring of strength (left blade hand)
 l - an amulet of reflection (around neck)
Talismans
 f - a blade talisman (active)
Wands
 b - a wand of roots (8)
Scrolls
 n - a scroll of noise
 p - a scroll of amnesia
Potions
 e - 2 potions of brilliance
 m - a potion of ambrosia
 q - a potion of resistance


   Skills:
 * Level 3.2 Fighting
 * Level 1.7 Staves
 * Level 5.9 Ranged Weapons
 * Level 2.2 Throwing
 * Level 2.1 Armour
 * Level 3.4 Dodging
 * Level 2.4 Stealth
 + Level 0.1 Shields
 * Level 1.9 Spellcasting
 * Level 1.0 Conjurations
 * Level 1.8 Ice Magic
 * Level 0.7 Air Magic
 * Level 0.9 Alchemy
 * Level 2.3 Invocations
 * Level 1.2 Shapeshifting


You had 3 spell levels left.
You knew the following spells:

 Your Spells              Type           Power      Damage    Failure   Level
a - Freeze                Ice            28%        1d5       12%         1
b - Frozen Ramparts       Ice            14%        1d3       34%         3
c - Mephitic Cloud        Conj/Alch/Air  4%         N/A       47%         3

Your spell library contained the following spells:

 Spells                   Type           Power      Damage    Failure   Level
 Sandblast                Erth           2%         2d4       26%         1
 Hailstorm                Conj/Ice       6%         3d5       38%         3
 Dazzling Flash           Conj/Hex       6%         N/A       52%         3
 Stone Arrow              Conj/Erth      6%         3d7       52%         3
 Passwall                 Erth           1%         N/A       61%         3
 Brom's Barrelling Bould  Conj/Erth      3%         2d3       90%         4
 Silence                  Hex/Air        1%         N/A       99%         5
 Curse of Agony           Necr           1%         N/A       100%        5


Dungeon Overview and Level Annotations

Branches:
Dungeon (5/15)             Temple (0/1) D:4

Altars:
Dithmenos
Makhleb
Nemelex Xobeh
Uskayaw
Yredelemnul

Shops:
D:4 !*((

Annotations:
D:3 zenocrate's ghost, amateur VSEn
D:5 Eustachio; Ijyb


Innate Abilities, Weirdness & Mutations

You have blades for hands.
Your maximum health is decreased, since you lack skill for your form.
You are incapable of wielding weapons or throwing items.
You regain HP and MP as you explore.
Your mind is acute. (Int +4, Str/Dex -1)


Message History

The gnoll shouts!
The grasping roots constrict Ijyb.
The wall freezes Ijyb.
Ijyb screams, "Me stronger than you!" You block Ijyb's attack.
The wall freezes the gnoll bouda.
The wall freezes the adder.
You barely miss Ijyb.
Ijyb is moderately wounded.
The frozen ramparts melt away.
Your attacks no longer feel as feeble.
The grasping roots constrict Ijyb.
The roots release their grip on Ijyb.
You block Ijyb's attack.
You hit Ijyb.
Ijyb is heavily wounded.
Ijyb screams, "Me kill you!" You block Ijyb's attack.
You closely miss Ijyb.
Ijyb is heavily wounded.
Ijyb hits you with a +0 dagger of venom.
* * * LOW HITPOINT WARNING * * *
You are lethally poisoned!
Unknown command.
Okay, then.
Press: ? - help, v - describe, . - travel
Here: Ijyb, wielding a +0 dagger of venom, wearing a +0 leather armour and carrying a wand of flame (heavily wounded)
The floor.
Unknown command.
Aiming: Fastroot
Press: ? - help, Shift-Dir - straight line, f - gnoll, p - Ijyb
Aim: a gnoll, wielding a +0 halberd (covering ground quickly)
Okay, then.
Okay, then.
Aiming: Fastroot
Press: ? - help, Shift-Dir - straight line, f - adder, p - Ijyb
Aim: an adder (lightly wounded)
The roots erupt in riotous growth!
Roots grab Ijyb.
Roots grab the adder.
Roots grab the gnoll bouda.
The grasping roots constrict Ijyb.
The grasping roots constrict the gnoll bouda.
The grasping roots constrict the adder.
You die... .. .. ##.## #.g. #gg# #Sg

# # #g#
.#.#
#@##.#.#
#......#
#......#
#.#.#..#
#..## .##
#.## ##.#
#..###.##
#...#..#
########
#......#
#... ..#


You could see Ijyb (rooted), a gnoll bouda (rooted), 3 gnolls and an adder
(rooted).

Vanquished Creatures
  Grinder (D:3)
  Prince Ribbit (D:5)
  2 black bears
  A scorpion (D:5)
  2 hounds (D:4)
  An orc priest (D:4)
  An iguana (D:4)
  A sleepcap (D:4)
  An orc wizard (D:3)
  A hound zombie (D:3)
  3 gnolls (D:3)
  4 adders
  A ribbon worm (D:2)
  4 dart slugs
  7 orcs
  4 bats
  6 endoplasms
  2 giant cockroaches (D:1)
  4 goblins
  6 hobgoblins
  5 kobolds
  4 quokkas
  9 ball pythons
  4 frilled lizards
  A quokka zombie (D:3)
  4 rats
80 creatures vanquished.

Notes
Turn   | Place    | Note
-------+----------+-------------------------------------------
     0 | D:1      | FilipinaGunslinger the Human Hunter began the quest for the
                  | Orb.
     0 | D:1      | Reached XP level 1. HP: 16/16 MP: 1/1
   315 | D:1      | Reached XP level 2. HP: 16/22 MP: 2/2
   411 | D:2      | Learned a level 1 spell: Freeze
   751 | D:2      | Found a faded altar of an unknown god.
   786 | D:2      | Reached XP level 3. HP: 17/27 MP: 0/3
   799 | D:2      | Prayed at the altar of an unknown god.
   799 | D:2      | Became a worshipper of Uskayaw the Reveller
   799 | D:2      | Reached * piety under Uskayaw
   923 | D:2      | Reached ** piety under Uskayaw
   927 | D:2      | Reached *** piety under Uskayaw
  1335 | D:1      | Reached XP level 4. HP: 32/33 MP: 4/4
  1680 | D:3      | Found a sparkling altar of Nemelex Xobeh.
  2013 | D:3      | Reached skill level 1 in Invocations
  2022 | D:3      | Reached skill level 1 in Armour
  2024 | D:3      | Reached **** piety under Uskayaw
  2028 | D:3      | Reached ***** piety under Uskayaw
  2040 | D:3      | Reached XP level 5. HP: 18/38 MP: 0/5
  2165 | D:3      | Found a runed translucent gate.
  2165 | D:3      | Found a runed translucent gate.
  2165 | D:3      | Found a runed translucent gate.
  2165 | D:3      | Noticed zenocrate's ghost (amateur VSEn)
  2167 | D:3      | Found a basalt altar of Yredelemnul.
  2181 | D:3      | Reached skill level 1 in Throwing
  2217 | D:3      | Noticed Grinder
  2233 | D:3      | Paralysed by Grinder for 5 turns
  2238 | D:3      | Killed Grinder
  2239 | D:3      | Reached skill level 1 in Staves
  2239 | D:3      | Reached skill level 5 in Ranged Weapons
  2239 | D:3      | Reached skill level 1 in Ice Magic
  2239 | D:3      | Reached XP level 6. HP: 22/46 MP: 5/7
  2243 | D:3      | Learned a level 3 spell: Frozen Ramparts
  2411 | D:3      | Gained mutation: Your mind is acute. (Int +4, Str/Dex -1)
                  | [potion of mutation]
  2877 | D:4      | Noticed a black bear
  2903 | D:4      | Killed a black bear
  2904 | D:4      | Reached skill level 1 in Spellcasting
  2904 | D:4      | Reached XP level 7. HP: 22/52 MP: 8/8
  3064 | D:4      | Found Vokhaun's Weapon Shop.
  3107 | D:4      | Found Fytofuxt's Weapon Emporium.
  3120 | D:4      | Learned a level 3 spell: Mephitic Cloud
  3247 | D:4      | Found Zigejen's Assorted Antiques.
  3264 | D:4      | Bought a potion of curing for 81 gold pieces
  3264 | D:4      | Bought a scroll labelled COKIX QAH TIRU for 27 gold pieces
  3264 | D:4      | Bought a scroll of teleportation for 81 gold pieces
  3271 | D:4      | Found a staircase to the Ecumenical Temple.
  3351 | D:4      | Found a shadowy altar of Dithmenos.
  3360 | D:4      | Found a burning altar of Makhleb.
  3667 | D:4      | Found Yrchefek's Distillery.
  3681 | D:4      | Bought a potion of curing for 42 gold pieces
  4090 | D:4      | Bought a fuming sapphire potion for 24 gold pieces
  4132 | D:5      | Entered Level 5 of the Dungeon
  4209 | D:5      | HP: 1/52 [black bear (3)]
  4211 | D:5      | Reached skill level 1 in Shapeshifting
  4394 | D:5      | Noticed Prince Ribbit
  4399 | D:5      | Noticed Eustachio
  4427 | D:5      | Killed Prince Ribbit
  4428 | D:5      | Reached skill level 1 in Conjurations
  4428 | D:5      | Reached XP level 8. HP: 56/58 MP: 0/10
  4591 | D:5      | Noticed Ijyb
  4603 | D:5      | Succumbed to Ijyb's poison

Illustrated notes

Levels and vault maps discovered:
D:1:      psy_arrival_basics, layout_basic, serial_bayou_ford_a, minivault_24
D:2:      layout_loops_cross, nicolae_ecumenical_snake_handling, st_stairs_6
D:3:      layout_loops_cross, nicolae_yredelemnul_ghost_church,
          amcnicky_altar_gilded, uniq_grinder
D:4:      nicolae_BIG_FREAKIN_CUBE, layout_layer_cave,
          mainiacjoe_overflow_swirl, minmay_temple_entry_offerings,
          serial_shops, shop, nicolae_stop_n_shop_1, shop,
          nicolae_shop_bloodbath_and_beyond
D:5:      layout_loops_cross, gammafunk_ghost_nasty_kobolds,
          hangedman_abyss_or_decor_lesser_grid, uniq_blork_the_orc,
          uniq_eustachio, uniq_prince_ribbit1, uniq_ijyb

Skill      XL: |  1  2  3  4  5  6  7 |
---------------+----------------------+-----
Invocations    | 1 2 |  2.3
Armour         | 1 2 |  2.1
Dodging        | 3 |  3.4
Throwing       | 1 2 |  2.2
Staves         | 1 |  1.7
Ranged Weapons | 5 |  5.9
Stealth        | 2 |  2.4
Ice Magic      | 1 |  1.8
Fighting       | 3 |  3.2
Spellcasting   | 1 |  1.9
Shapeshifting  | 1 |  1.2
Conjurations   | 1 |  1.0
Shields        | |  0.1
Air Magic      | |  0.7
Alchemy        | |  0.9

Action                     |  1- 3 |  4- 6 |  7- 9 || total
---------------------------+-------+-------+-------++-------
  Melee: Quarterstaff      |    32 |    38 |    48 ||   118
         Unarmed           |       |       |     9 ||     9
   Fire: Shortbow          |    16 |       |       ||    16
         Orcbow            |    30 |    90 |    42 ||   162
   Cast: Freeze            |     6 |       |     9 ||    15
         Frozen Ramparts   |       |       |    10 ||    10
 Invoke: Stomp             |       |     4 |     1 ||     5
  Evoke: Wand              |       |       |     5 ||     5
    Use: Scroll            |     6 |     7 |     5 ||    18
         Potion            |       |     2 |     3 ||     5
   Stab: Distracted        |       |     1 |       ||     1
 Armour: Leather armour    |    32 |    46 |    78 ||   156
  Dodge: Dodged            |    36 |    42 |    59 ||   137
  Block: Other             |       |    23 |    23 ||    46
   Form: Blade             |       |       |     1 ||     1
